 Dungeon Crawl Stone Soup version 0.25.1-9-gc5326a611f (webtiles) character file.

Game seed: 5868849514533709268

98 Descartes the Sneak (level 4, -1/23 HPs)
             Began as a Felid Wanderer on Jan 1, 2021.
             Slain by a crimson imp (2 damage)
             ... on level 3 of the Dungeon.
             The game lasted 00:05:32 (4079 turns).

Descartes the Sneak (Felid Wanderer)                Turns: 4079, Time: 00:05:33

Health: -1/23      AC:  1    Str: 11    XL:     4   Next: 44%
Magic:  6/6        EV: 17    Int: 12    God:
Gold:   157        SH:  0    Dex: 14    Spells: 3/3 levels left
                                        Lives:  0   Deaths: 1

rFire    . . .     SeeInvis +     - Unarmed
rCold    . . .     Gourm    .   (shield unavailable)
rNeg     . . .     Faith    .   (armour unavailable)
rPois    .         Spirit   .   (helmet unavailable)
rElec    .         Reflect  .   (cloak unavailable)
rCorr    .         Harm     .   (gloves unavailable)
MR       .....                  (boots unavailable)
Stlth    ++++......             (no amulet)
HPRegen  0.07/turn              (no ring)
MPRegen  0.10/turn              (no ring)

@: quick
A: very small, no armour, no weapons or thrown items, stealth, claws 1, fangs 3,
see invisible, carnivore, speed 1, shaggy fur 1, slow metabolism 1, sharp paws
a: no special abilities


You were on level 3 of the Dungeon.
You were very full.

You visited 1 branch of the dungeon, and saw 3 of its levels.

You collected 157 gold pieces.

Inventory:

Missiles
 j - 196 stones
 n - 51 arrows
Jewellery
 g - an uncursed ring of flight {unknown}
 t - an uncursed amulet of regeneration {unknown}
Wands
 a - a wand of paralysis (15)
 r - a wand of flame (15)
Scrolls
 b - a scroll of teleportation
 e - a scroll of random uselessness {unknown}
 f - a scroll of noise {unknown}
 i - 4 scrolls of remove curse {unknown}
 k - a scroll of enchant armour {unknown}
 l - 5 scrolls of identify {unknown}
 m - 2 scrolls of amnesia {unknown}
 o - a scroll of blinking {unknown}
Potions
 c - 2 potions of curing
 h - 2 potions of flight {unknown}
 p - a potion of might {unknown}
 s - a potion of brilliance {unknown}
Comestibles
 d - 6 rations
 q - 6 chunks of flesh


   Skills:
 - Level 5.0 Fighting
 + Level 2.7 Dodging
 + Level 6.0 Stealth
 - Level 3.0 Unarmed Combat
 - Level 2.1 Evocations


You had 3 spell levels left.
You didn't know any spells.
Your spell library was empty.

Dungeon Overview and Level Annotations

Branches:
Dungeon (3/15)

Altars:
Fedhas

Annotations:
D:2 Sigmund


Innate Abilities, Weirdness & Mutations

You cannot wear armour.
You are incapable of wielding weapons or throwing items.
Your paws allow you to move quietly. (Stealth)
You have sharp claws.
You have razor-sharp teeth.
You have supernaturally acute eyesight. (SInv)
You are carnivorous and can eat meat at any time.
You cover ground quickly.
You are covered in fur. (AC +1)
You have a slow metabolism.
Your sharp claws are effective at attacking unaware monsters.


Message History

* * * LOW HITPOINT WARNING * * *
You barely miss the crimson imp.
The crimson imp is moderately wounded.
The crimson imp blinks!
You scratch the crimson imp.
The crimson imp is lightly wounded.
The crimson imp misses you.
You barely miss the crimson imp. The crimson imp hits you.
* * * LOW HITPOINT WARNING * * *
You scratch the crimson imp.
The crimson imp is lightly wounded.
The crimson imp barely misses you.
You barely miss the crimson imp.
The crimson imp is lightly wounded.
The crimson imp hits you.
* * * LOW HITPOINT WARNING * * *
You scratch the crimson imp.
The crimson imp is moderately wounded.
The crimson imp hits you.
You die...

...รท......#.#############
########.##.............#
............###########.#
########.##.# #.#
.#######.##.### #.#
.'.....#.####.#########.#####.#
.###.###.# #.................#
.# #.###.# #.#########.#######
.# #..##.####..5@.......# .#
#........'...........#
.###..##.####...........#
.#.......# #.............#
.###.##..####.#+#######.###
...#.#...........# #.#
##.#.##...##.....# #.#
..........###....########
##...............##.....#


You could see a crimson imp.

Vanquished Creatures
  Terence (D:3)
  4 adders
  An ooze (D:3)
  A worm (D:2)
  6 dart slugs
  A leopard gecko (D:1)
  3 ball pythons
  6 bats
  3 giant cockroaches
  8 goblins
  9 hobgoblins
  4 frilled lizards
  9 kobolds
  5 rats
61 creatures vanquished.

Vanquished Creatures (others)
  A bush (D:2)
1 creature vanquished.

Grand Total: 62 creatures vanquished

Notes
Turn   | Place    | Note
-------+----------+-------------------------------------------
     0 | D:1      | Descartes the Felid Wanderer began the quest for the Orb.
     0 | D:1      | Descartes set off with the following items: a wand of
                  | paralysis (15), a scroll of teleportation, a potion of
                  | curing, a ration
     0 | D:1      | Reached XP level 1. HP: 12/12 MP: 3/3
    67 | D:1      | Reached skill level 1 in Stealth
   119 | D:1      | Reached skill level 1 in Dodging
   119 | D:1      | Reached skill level 2 in Stealth
   119 | D:1      | Reached XP level 2. HP: 16/16 MP: 4/4
   648 | D:1      | Reached skill level 3 in Stealth
   852 | D:1      | Reached XP level 3. HP: 18/19 MP: 5/5
  1358 | D:1      | Reached skill level 4 in Stealth
  1630 | D:2      | Reached XP level 4. HP: 12/23 MP: 6/6
  1850 | D:2      | Noticed Sigmund
  2100 | D:2      | Found a blossoming altar of Fedhas.
  2104 | D:2      | Reached skill level 5 in Stealth
  2987 | D:2      | Killed from afar by Sigmund
  2988 | D:2      | Reached XP level 3. HP: -6/19 MP: 5/5
  3441 | D:3      | Noticed Terence
  3455 | D:3      | Killed Terence
  3455 | D:3      | Reached XP level 4. HP: 6/23 MP: 6/6
  3811 | D:3      | Reached skill level 6 in Stealth
  4078 | D:3      | HP: 1/23 [crimson imp (1)]
  4079 | D:3      | Slain by a crimson imp

Illustrated notes

Levels and vault maps discovered:
D:1:      roderic_crossed_star, layout_basic, hex_large
D:2:      layout_basic, first_ration, minmay_hedge_maze, lemuel_altar_in_water,
          uniq_sigmund
D:3:      layout_basic, xom_teletrap_fun, uniq_terence

Skill      XL: |  1  2  3  4 |
---------------+-------------+-----
Stealth        | 2 3 4 6 |  6.0
Dodging        | 1 2 |  2.7
Fighting       | |  5.0
Unarmed Combat | |  3.0
Evocations     | |  2.1

Action                   |  1- 3 |  4- 6 || total
-------------------------+-------+-------++-------
Melee: Unarmed           |   131 |   128 ||   259
       Bite              |     5 |    15 ||    20
       Punch             |     1 |     2 ||     3
 Stab: Sleeping          |    19 |     4 ||    23
       Distracted        |       |     2 ||     2
  Eat: Chunk             |    15 |     2 ||    17
Armor: Skin              |     8 |       ||     8
Dodge: Dodged            |   105 |    43 ||   148
